 Dungeon Crawl Stone Soup version 0.25.1-8-g42b30a86e7 (webtiles) character file.

Game seed: 17391959186464866511

37 hawla the Chopper (level 3, -12/30 HPs)
             Began as a Minotaur Gladiator on Dec 17, 2020.
             Mangled by an ogre
             ... wielding a +0 giant spiked club
              (22 damage)
             ... on level 4 of the Dungeon.
             The game lasted 00:02:09 (929 turns).

hawla the Chopper (Minotaur Gladiator)               Turns: 929, Time: 00:02:09

Health: -12/30     AC:  5    Str: 18    XL:     3   Next: 23%
Magic:  11/11      EV: 12    Int:  6    God:
Gold:   22         SH:  0    Dex: 11    Spells: 2/2 levels left

rFire    . . .     SeeInvis .   a - +0 war axe
rCold    . . .     Gourm    .   (no shield)
rNeg     . . .     Faith    .   p - +0 ring mail
rPois    +         Spirit   .   c - +0 hat
rElec    .         Reflect  .   (no cloak)
rCorr    .         Harm     .   (no gloves)
MR       .....                  (no boots)
Stlth    +.........             (no amulet)
HPRegen  0.10/turn              l - ring of magical power
MPRegen  0.12/turn              (no ring)

@: no status effects
A: retaliatory headbutt, horns 2, mutation resistance 1, poison resistance
a: no special abilities


You were on level 4 of the Dungeon.
You were not hungry.

You visited 1 branch of the dungeon, and saw 3 of its levels.

You collected 22 gold pieces.

Inventory:

Hand Weapons
 a - a +0 war axe (weapon)
Missiles
 d - 3 throwing nets (quivered)
 h - 10 poisoned darts
Armour
 c - a +0 hat (worn)
 p - a +0 ring mail (worn)
Jewellery
 l - a ring of magical power (left hand)
Scrolls
 j - a scroll of remove curse
 k - a scroll of fog
Comestibles
 f - 3 rations
 o - 2 chunks of flesh


   Skills:
 - Level 2.4 Fighting
 + Level 5.3 Axes
 - Level 2.0 Throwing
 - Level 3.2 Dodging


You had 2 spell levels left.
You didn't know any spells.
Your spell library was empty.

Dungeon Overview and Level Annotations

Branches:
Dungeon (2/15)

Altars:


Innate Abilities, Weirdness & Mutations

You reflexively headbutt those who attack you in melee.
You have a pair of horns on your head.
You are somewhat resistant to further mutation.
Your system is resistant to poisons. (rPois)


Message History

Ouch! That really hurt!
* * * LOW HITPOINT WARNING * * *
You are too injured to fight recklessly!
As you read the scroll labeled XIYDESH NOTE, it crumbles to dust.
The scroll dissolves into smoke.
It was a scroll of fog.
Found a robe.
You don't know any spells.
There isn't anything here!
It was a potion of mutation.
You feel extremely strange.
You feel resistant to poisons.
You feel genetically stable. The ogre misses you.
You aren't carrying any potions.
As you read the scroll labeled PIANIACIRUS, it crumbles to dust.
It is a scroll of identify.
You don't have any unidentified items.
You slash the ogre!
The ogre is moderately wounded.
The ogre hits you with a +0 giant spiked club!!
Ouch! That really hurt!
You die...

..###.######
..#..[.....#
#.#.#.####§#
... #.##§#§#
#.# #.##§§§#
#.# #.##§#§#
#.###.##§#§#
#.O...##§#.#
#@######.#.#
#.# #.#.#
### #.#.#
#.#.# #.#


You could see an ogre.

Vanquished Creatures
  An ooze (D:1)
  A worm (D:2)
  A leopard gecko (D:1)
  A ball python (D:2)
  2 giant cockroaches (D:1)
  4 goblins (D:1)
  A hobgoblin (D:1)
  4 jackals (D:2)
  2 bats (D:1)
  4 frilled lizards (D:1)
  6 kobolds
  A rat (D:1)
28 creatures vanquished.

Notes
Turn   | Place    | Note
-------+----------+-------------------------------------------
     0 | D:1      | hawla the Minotaur Gladiator began the quest for the Orb.
     0 | D:1      | Reached XP level 1. HP: 18/18 MP: 0/0
   107 | D:1      | Reached skill level 4 in Axes
   124 | D:1      | Reached XP level 2. HP: 23/25 MP: 1/1
   670 | D:1      | Reached skill level 5 in Axes
   900 | D:2      | Reached XP level 3. HP: 28/30 MP: 2/2
   908 | D:2      | You fall into a shaft and drop 2 floors!
   908 | D:4      | Noticed an ogre
   927 | D:4      | Gained mutation: Your system is resistant to poisons.
                  | (rPois) [potion of mutation]
   927 | D:4      | Gained mutation: You are somewhat resistant to further
                  | mutation. [potion of mutation]
   929 | D:4      | Mangled by an ogre

Illustrated notes

Levels and vault maps discovered:
D:1:      wander_arrival_chamber, layout_loops_ring, kennysheep_pointless_box,
          st_stairs_6
D:2:      minmay_razor_zed, layout_rooms, minmay_misc_feat_secret_circle,
          uniq_sigmund
D:4:      layout_basic, first_ration, serial_shops, shop_statue,
          nicolae_shop_window_shopping, kennysheep_mini,
          nicolae_shop_waterfront, nicolae_shop_statue_plus,
          hangedman_ru_absence, uniq_edmund, uniq_robin

Skill      XL: |  1  2 |
---------------+-------+-----
Axes           | 4 5 |  5.3
Fighting       | |  2.4
Throwing       | |  2.0
Dodging        | |  3.2

Action                   || total
-------------------------++-------
Melee: War axe           ||    45
       Headbutt          ||     3
  Use: Scroll            ||     6
       Potion            ||     1
Armor: Leather armour    ||    10
       Ring mail         ||     3
Dodge: Dodged            ||    32
